 Dungeon Crawl Stone Soup version 0.31.0-9-g3a7656b989 (webtiles) character file.

Game seed: 7830559286450108884

1161 Bnni the Cutter (level 8, 0/42 HPs)
             Began as a Vine Stalker Fighter on Jan 31, 2024.
             Was a Priest of Uskayaw.
             Succumbed to a water moccasin's poison
             ... on level 4 of the Dungeon.
             The game lasted 00:03:30 (2928 turns).

Bnni the Cutter (Vine Stalker Fighter)              Turns: 2928, Time: 00:03:31

Health: 0/42       AC:  8    Str: 18    XL:     8   Next: 39%
Magic:  7/11       EV: 15    Int:  8    God:    Uskayaw [***...]
Gold:   250        SH:  5    Dex: 17    Spells: 7/7 levels left

rFire   + . .        n - +2 dagger (venom)
rCold   . . .        c - +0 buckler
rNeg    . . .        p - +3 leather armour {rF+}
rPois   .            v - +0 helmet
rElec   .            q - +0 cloak
rCorr   .            (no gloves)
SInv    .            (no boots)
Will    +....        (no amulet)
Stlth   ++           t - +5 ring of evasion
HPRegen 1.07/turn    (no ring)
MPRegen 0.12/turn

%: guardian spirit
@: lethally poisoned (0 -> -14)
A: fangs 3, regeneration 1, magic shield, antimagic bite, no potion heal 2
a: Renounce Religion, Stomp, Line Pass


You were on level 4 of the Dungeon.
You worshipped Uskayaw.
Uskayaw was noncommittal.
You visited 1 branch of the dungeon, and saw 4 of its levels.

You collected 250 gold pieces.

Inventory:

Hand Weapons
 n - a +2 dagger of venom (weapon)
Missiles
 u - 2 poisoned darts (quivered)
Armour
 c - a +0 buckler (worn)
 p - a +3 leather armour of fire resistance (worn)
 q - a +0 cloak (worn)
 v - a +0 helmet (worn)
Jewellery
 m - a ring of fire
 t - a +5 ring of evasion (left hand)
Wands
 o - a wand of flame (15)
 x - a wand of acid (13)
Scrolls
 a - a scroll of enchant weapon {unknown}
 h - a scroll of teleportation {unknown}
 i - 3 scrolls of immolation
 k - 3 scrolls of identify {unknown}
 s - a scroll of vulnerability {unknown}
 y - a scroll of amnesia {unknown}
Potions
 b - 2 potions of attraction {unknown}
 d - a potion of might
 e - a potion of brilliance {unknown}
 f - a potion of magic {unknown}
 g - a potion of ambrosia {unknown}
 j - a potion of heal wounds {unknown}
 l - 2 potions of invisibility {unknown}
 r - 2 potions of mutation {unknown}
 w - a potion of degeneration {unknown}
 z - a potion of curing {unknown}


   Skills:
 + Level 4.9 Fighting
 * Level 6.2 Short Blades
 - Level 2.4 Armour
 + Level 3.9 Stealth
 - Level 4.0 Shields
 + Level 2.9 Invocations


You had 7 spell levels left.
You didn't know any spells.
Your spell library contained the following spells:

 Spells                   Type           Power      Damage    Failure   Level
 Slow                     Hex            0%         N/A       54%         1
 Lesser Beckoning         Tloc           0%         N/A       69%         2
 Scorch                   Fire           0%         2d5       69%         2
 Confusing Touch          Hex            0%         N/A       89%         3
 Gell's Gravitas          Tloc           0%         N/A       89%         3
 Sigil of Binding         Hex            0%         N/A       89%         3
 Teleport Other           Tloc           0%         N/A       89%         3
 Vampiric Draining        Necr           0%         2d6       89%         3
 Flame Wave               Conj/Fire      0%         2d4       100%        4
 Summon Cactus Giant      Summ           0%         N/A       100%        6


Dungeon Overview and Level Annotations

Branches:
Dungeon (4/15)
 Temple: D:4-7

Altars:
Dithmenos
Gozag
Kikubaaqudgha
Qazlal
Uskayaw
Xom
Yredelemnul
The Shining One


Innate Abilities, Weirdness & Mutations

You have razor-sharp teeth.
Your natural rate of healing is unusually fast.
When hurt, damage is shared between your health and your magic reserves.
Your bite disrupts and absorbs the magic of your enemies.
Potions cannot restore your health.


Message History

The water moccasin poisons you!
You hit the water moccasin.
The water moccasin is poisoned.
Your bite misses the water moccasin.
The water moccasin is severely wounded.
You feel very sick. The water moccasin barely misses you.
The dart slug launches a dart at you. The slug dart hits you.
You hit the water moccasin. You bite the water moccasin. You drain its power.
You feel invigorated.
The water moccasin is almost dead.
You feel very sick. The water moccasin bites you.
You closely miss the water moccasin.
The water moccasin is almost dead.
You feel sick. The water moccasin barely misses you.
The dart slug launches a dart at you.
The slug dart hits you but does no damage.
The water moccasin bites you.
You are more poisoned.
The water moccasin poisons you!
You hit the dart slug.
The dart slug is poisoned.
The dart slug is moderately wounded.
You feel very sick.
The water moccasin bites you but does no damage.
You hit the water moccasin. Your bite misses the water moccasin.
The water moccasin is almost dead.
You feel very sick.
You kill the dart slug!
The water moccasin bites you.
* * * LOW HITPOINT WARNING * * *
You are lethally poisoned!
The water moccasin poisons you!
You barely miss the water moccasin. You bite the water moccasin.
You kill the water moccasin!
* * * LOW HITPOINT WARNING * * *
You feel very sick.
Uskayaw will force your foes to helplessly watch your dance.
Unknown command.
You die...

.)# ############.### ..#
#.# ..# ###.# ..# ##.#.#
..# ##....# .##
#########.....## .#
#..............#### .#
######.#######..........
.# #......@...#
##.....###. .#
#.##.#.##).# ##.....##.
.# ##### #.#.# ..#
#........ #####...# #
#.# ..# ###..####
......#.# ..# ..#
#..#### #####...# # .##
..# #...... ##.## ...
..# ##'##### #####.#
#..####.# ##...##
#..(..# .......
##.....##


There were no monsters in sight!

Vanquished Creatures
  Pikel (D:4)
  Sigmund (D:2)
  Edmund (D:4)
  A water moccasin (D:4)
  3 lemures (D:4)
  A jelly (D:2)
  A hound (D:4)
  2 orc priests
  Ijyb (D:3)
  An orc wizard (D:4)
  A sleepcap (D:4)
  4 adders (D:2)
  3 dart slugs
  11 orcs
  6 ball pythons
  3 bat zombies (D:4)
  9 endoplasms
  3 giant cockroaches
  4 goblins
  6 hobgoblins
  5 jackals
  3 quokkas
  7 bats
  2 frilled lizards
  A frilled lizard zombie (D:4)
  6 kobolds
  6 rats
93 creatures vanquished.

Notes
Turn   | Place    | Note
-------+----------+-------------------------------------------
     0 | D:1      | Bnni the Vine Stalker Fighter began the quest for the Orb.
     0 | D:1      | Reached XP level 1. HP: 11/11 MP: 2/2
    60 | D:1      | Reached skill level 2 in Short Blades
   159 | D:1      | Reached XP level 2. HP: 16/16 MP: 3/3
   255 | D:1      | Found a faded altar of an unknown god.
   574 | D:2      | Noticed Sigmund
   588 | D:2      | Killed Sigmund
   589 | D:2      | Reached skill level 3 in Short Blades
   589 | D:2      | Reached XP level 3. HP: 17/20 MP: 4/4
   589 | D:2      | Reached XP level 4. HP: 21/24 MP: 5/5
   589 | D:2      | Reached XP level 5. HP: 25/28 MP: 6/6
   685 | D:2      | Found a basalt altar of Yredelemnul.
   954 | D:2      | Reached skill level 4 in Short Blades
   954 | D:2      | Reached XP level 6. HP: 22/33 MP: 7/7
  1389 | D:3      | Noticed Ijyb
  1401 | D:3      | Killed Ijyb
  1848 | D:3      | Found an opulent altar of Gozag.
  1856 | D:3      | Found a shadowy altar of Dithmenos.
  1856 | D:3      | Found a shimmering altar of Xom.
  1877 | D:3      | Found a glowing golden altar of the Shining One.
  1881 | D:3      | Found a hide-covered altar of Uskayaw.
  1888 | D:3      | Became a worshipper of Uskayaw the Reveller
  2084 | D:4      | Reached * piety under Uskayaw
  2093 | D:4      | Reached ** piety under Uskayaw
  2109 | D:4      | Reached *** piety under Uskayaw
  2114 | D:4      | Noticed Pikel
  2118 | D:4      | Reached **** piety under Uskayaw
  2132 | D:4      | Reached ***** piety under Uskayaw
  2135 | D:4      | Killed Pikel
  2136 | D:4      | Reached skill level 5 in Short Blades
  2136 | D:4      | Reached XP level 7. HP: 22/38 MP: 6/9
  2145 | D:4      | Gained mutation: You have razor-sharp teeth. [Vine Stalker
                  | growth]
  2145 | D:4      | Reached XP level 8. HP: 23/42 MP: 10/10
  2154 | D:4      | Reached ****** piety under Uskayaw
  2189 | D:4      | Noticed Edmund
  2204 | D:4      | Killed Edmund
  2455 | D:4      | Found a stormy altar of Qazlal.
  2543 | D:4      | Reached skill level 6 in Short Blades
  2556 | D:4      | Found an ancient bone altar of Kikubaaqudgha.
  2928 | D:4      | Succumbed to a water moccasin's poison

Illustrated notes

Levels and vault maps discovered:
D:1:      elethiomel_arrival_shortcut, layout_rooms,
          hellmonk_ecumenical_altar_blasted, amcnicky_mini_rare_corridor_liquid,
          chequers_serial_rivers_room_a, minmay_misc_feat_pillars,
          minmay_heptomino_o4
D:2:      wad_pebble_path, layout_basic, basic_altar, uniq_sigmund
D:3:      layout_loops_ring, minmay_overflow_temple_star_hex, fountainhead,
          uniq_ijyb
D:4:      layout_loops_corners, nicolae_qazlal_general_emergency,
          lemuel_zombie_altar_kikubaaqudgha, uniq_pikel, uniq_edmund

Skill      XL: |  1  2  3  4  5  6  7  8 |
---------------+-------------------------+-----
Short Blades   | 2 3 4 5 6 |  6.2
Shields        | 4 |  4.0
Fighting       | 3 4 |  4.9
Stealth        | 2 3 |  3.9
Invocations    | 2 |  2.9
Armour         | |  2.4

Action                     |  1- 3 |  4- 6 |  7- 9 || total
---------------------------+-------+-------+-------++-------
  Melee: Rapier            |    60 |    15 |       ||    75
         Bite              |    16 |    53 |    37 ||   106
         Dagger            |       |   123 |    90 ||   213
    Use: Potion            |     1 |       |       ||     1
   Stab: Paralysed         |       |     1 |     1 ||     2
         Sleeping          |       |     1 |       ||     1
 Armour: Scale mail        |    37 |    40 |       ||    77
         Leather armour    |       |    20 |    34 ||    54
  Dodge: Dodged            |    32 |    54 |    48 ||   134
  Block: Buckler           |     9 |    24 |    19 ||    52
